 Dungeon Crawl Stone Soup version 0.28.0-45-g0d030f2227 (webtiles) character file.

Game seed: 17769007341845655919

41 thiscave3701365 the Ruffian (level 3, 0/36 HPs)
             Began as a Troll Berserker on Apr 20, 2022.
             Was a Believer of Trog.
             Slain by Robin
             ... wielding a +0 spear
              (5 damage)
             ... on level 2 of the Dungeon.
             The game lasted 00:00:44 (790 turns).

thiscave3701365 the Ruffian (Troll Berserker)        Turns: 790, Time: 00:00:46

Health: 0/36       AC:  4    Str: 27    XL:     3   Next: 32%
Magic:  2/2        EV: 10    Int:  3    God:    Trog [**....]
Gold:   27         SH:  0    Dex:  9    Spells: 2/2 levels left

rFire   . . .      SeeInvis .     - Unarmed
rCold   . . .      Faith    .   (no shield)
rNeg    . . .      Spirit   .   a - +0 animal skin
rPois   .          Reflect  .   (helmet restricted)
rElec   .          Harm     .   (no cloak)
rCorr   .          Rampage  .   (gloves unavailable)
Will    .....                   (boots unavailable)
Stlth   +.........              (no amulet)
HPRegen 0.92/turn               (no ring)
MPRegen 0.08/turn               (no ring)

@: on berserk cooldown, slowed, very slow
A: large, unfitting armour, claws 3, regeneration 1, shaggy fur 1, tough skin 1
a: Renounce Religion, Berserk, Trog's Hand


You were on level 2 of the Dungeon.
You worshipped Trog.
Trog was pleased with you.
You visited 1 branch of the dungeon, and saw 2 of its levels.

You collected 27 gold pieces.

Inventory:

Armour
 a - a +0 animal skin (worn)
Scrolls
 b - 2 scrolls of teleportation {unknown}
 d - 3 scrolls of identify {unknown}
Potions
 c - a potion of berserk rage {unknown}


   Skills:
 - Level 2.4 Fighting
 - Level 2.4 Dodging
 + Level 4.4 Unarmed Combat


You had 2 spell levels left.
You didn't know any spells.
Your spell library was empty.

Dungeon Overview and Level Annotations

Branches:
Dungeon (2/15)

Altars:

Annotations:
D:2 Robin


Innate Abilities, Weirdness & Mutations

You are too large for most types of armour.
You have claws for hands.
Your natural rate of healing is unusually fast.
You are covered in fur. (AC +1)
You have tough skin. (AC +1)


Message History

You are too injured to fight recklessly!
You are too injured to fight recklessly!
You are too injured to fight recklessly!
You are too injured to fight recklessly!
You are too injured to fight recklessly!
Unknown command.
You are too injured to fight recklessly!
You closely miss the goblin. You barely miss the goblin.
The goblin hits you with a +0 dagger. The goblin hits you with a +0 club.
* * * LOW HITPOINT WARNING * * *
Robin hits you but does no damage. The goblin hits you with a +0 club.
* * * LOW HITPOINT WARNING * * *
You claw the goblin!
You kill the goblin!
Trog accepts your kill. The goblin barely misses you.
You claw the goblin!
You kill the goblin!
Trog accepts your kill. Robin misses you. The goblin barely misses you.
You barely miss the goblin.
The goblin no longer looks unusually strong.
The goblin barely misses you. The goblin closely misses you.
Robin hits you but does no damage.
You closely miss the goblin. The rat closely misses you.
You mangle the goblin!!
You kill the goblin!
Trog accepts your kill.
You are no longer berserk.
You are exhausted.
You feel yourself slow down. The goblin closely misses you.
Robin hits you but does no damage.
You scratch the rat.
You kill the rat!
Trog accepts your kill. The goblin hits you with a +0 club.
* * * LOW HITPOINT WARNING * * *
Robin hits you from afar with a +0 spear.
You die...

........##.# ....... #.#
...... #.# .... #.# .
#..# #.#.#
..##########..## #.#.#
...........#...####.#.#
......)))..'.....##.#.#
..)..g)@)..##....#<.#.#
......))g..##.#..#..#.#
...........##....#..#.#
#..........###...#....#
#..........# #...##.####
#..........# ##..##.....
#..........####.>#######
#......................(
...#############


You could see Robin and a goblin (strong).

Vanquished Creatures
  5 ball pythons (D:1)
  An endoplasm (D:1)
  2 giant cockroaches (D:1)
  11 goblins
  4 hobgoblins
  3 quokkas (D:1)
  2 bats (D:1)
  3 frilled lizards (D:1)
  2 kobolds (D:1)
  3 rats
36 creatures vanquished.

Notes
Turn   | Place    | Note
-------+----------+-------------------------------------------
     0 | D:1      | thiscave3701365 the Troll Berserker began the quest for the
                  | Orb.
     0 | D:1      | Reached XP level 1. HP: 22/22 MP: 0/0
   251 | D:1      | Reached XP level 2. HP: 29/29 MP: 1/1
   475 | D:1      | Reached skill level 4 in Unarmed Combat
   493 | D:1      | Reached ** piety under Trog
   764 | D:2      | Noticed Robin
   770 | D:2      | Reached XP level 3. HP: 36/36 MP: 2/2
   790 | D:2      | Slain by Robin

Illustrated notes

Levels and vault maps discovered:
D:1:      psy_arrival_fountain, layout_basic
D:2:      layout_basic, shapermc_ecumenical_altar_notcrosses, eino_tiny_chamber,
          minmay_misc_feat_nine_boxes, grunt_decor_cap, minmay_tetromino_l4,
          uniq_robin

Skill      XL: |  1  2 |
---------------+-------+-----
Unarmed Combat | 4 |  4.4
Fighting       | |  2.4
Dodging        | |  2.4

Action                   || total
-------------------------++-------
Melee: Unarmed           ||    79
       Punch             ||     3
Invok: Berserk           ||     1
 Stab: Distracted        ||     1
Armor: Animal skin       ||    36
Dodge: Dodged            ||    55
